AoeStats
← iaa4e

Arena

508081295Analyzed
4v4 RM · 12d ago on Sep 20, 2026· 39m 43s· 8 players
Game mode
Random Map
Map size
Large (8 player)
Population
200
Speed
Normal
Resources
Standard
Victory
Conquest
Starting age
Dark Age
Ending age
Imperial Age
RankedLock teamsTeams togetherTeam positionsShared explorationLock speedFull tech treeHidden civsTurbo modeCheats
Victory
Defeat
🇩🇪 Franks · Germany
1226
+15
🇺🇸 Slavs · United States
1214
+16
🇵🇰 Britons · Pakistan
1206
+16
🇸🇪 Mongols · Sweden
1192
+16
🇮🇳 Wu · India
1238
-17
🇧🇷 Hindustanis · Brazil
1219
-16
🇹🇼 Poles · Taiwan
1193
-15
🇦🇷 Malians · Argentina
1189
-15
iaa4e
10:23 Feudal Age
11:54 Double-Bit Axe
15:17 Castle Age
17:02 Bow Saw
18:02 Wheelbarrow
21:35 Loom
22:21 Hand Cart
23:28 Town Watch
24:42 Gold Mining
26:41 Gold Shaft Mining
26:09 Scale Mail Armor
26:20 Forging
28:51 Imperial Age
26:24 Town Patrol
26:41 Scale Barding Armor
27:20 Stone Mining
28:06 Husbandry
29:17 Chain Barding Armor
29:34 Iron Casting
29:00 Cavalier
30:59 Chemistry
30:48 Plate Barding Armor
31:30 Masonry
33:08 Blast Furnace
32:11 Paladin
36:45 Fletching
36:41 Light Cavalry
[RbF] Stickly
5:12 Loom
11:58 Feudal Age
14:02 Double-Bit Axe
16:44 Castle Age
16:12 Horse Collar
25:00 Fletching
26:39 Ballistics
26:19 Bodkin Arrow
26:25 Padded Archer Armor
28:26 Bow Saw
28:18 Heavy Plow
28:55 Wheelbarrow
28:06 Town Watch
31:17 Hand Cart
34:26 Imperial Age
32:57 Bloodlines
32:48 Husbandry
33:19 Leather Archer Armor
35:10 Masonry
34:32 Elite Mangudai
35:33 Conscription
36:34 Chemistry
35:39 Bracer
36:23 Siege Engineers
38:08 Parthian Tactics
Nocnamania
7:17 Loom
10:32 Feudal Age
11:07 Man-at-Arms
13:10 Horse Collar
19:32 Castle Age
18:00 Town Watch
18:10 Double-Bit Axe
21:04 Bow Saw
22:23 Long Swordsman
25:20 Forging
28:31 Heavy Plow
29:35 Wheelbarrow
29:41 Iron Casting
29:12 Scale Barding Armor
29:00 Light Cavalry
29:51 Bloodlines
30:16 Husbandry
31:13 Hand Cart
32:00 Fletching
33:19 Chain Barding Armor
36:16 Imperial Age
34:33 Masonry
34:42 Town Patrol
35:15 Gold Mining
35:15 Stone Mining
36:29 Hussar
36:35 Capped Ram
38:48 Blast Furnace
Hamid9514
11:07 Feudal Age
15:22 Castle Age
13:19 Stone Mining
13:14 Horse Collar
13:49 Double-Bit Axe
16:04 Fletching
19:14 Bodkin Arrow
21:29 Padded Archer Armor
27:32 Leather Archer Armor
32:30 Imperial Age
31:01 Wheelbarrow
32:28 Forging
32:18 Scale Mail Armor
33:03 Man-at-Arms
33:29 Gambesons
34:22 Iron Casting
34:21 Gold Mining
34:02 Long Swordsman
35:31 Bracer
35:10 Two-Handed Swordsman
36:40 Ballistics
37:49 Chain Mail Armor
SKULLBLAZER
10:10 Feudal Age
14:33 Castle Age
13:28 Double-Bit Axe
14:27 Loom
16:35 Horse Collar
18:38 Fletching
20:28 Bodkin Arrow
21:02 Padded Archer Armor
23:27 Red Cliffs Tactics
28:48 Leather Archer Armor
34:21 Imperial Age
32:34 Bow Saw
32:48 Gold Mining
35:47 Bracer
37:37 Ballistics
Red
7:31 Loom
9:59 Feudal Age
15:32 Castle Age
13:54 Horse Collar
14:05 Double-Bit Axe
14:34 Horse Collar
17:11 Scale Barding Armor
17:09 Scale Mail Armor
Fs.hiGhly_
10:56 Feudal Age
14:48 Castle Age
13:14 Horse Collar
13:21 Double-Bit Axe
15:58 Heavy Plow
20:24 Bow Saw
27:55 Imperial Age
25:12 Loom
26:05 Wheelbarrow
25:17 Town Watch
27:35 Hand Cart
27:35 Forging
27:26 Scale Mail Armor
29:30 Chain Mail Armor
29:17 Elite Ghulam
30:33 Iron Casting
32:27 Blast Furnace
33:45 Chemistry
32:38 Heavy Camel Rider
33:19 Husbandry
33:30 Bloodlines
33:27 Scale Barding Armor
35:04 Chain Barding Armor
35:51 Gold Mining
37:23 Plate Barding Armor
36:23 Imperial Camel Rider
KillerINSTIC
4:06 Loom
11:47 Feudal Age
18:03 Castle Age
16:09 Horse Collar
17:16 Double-Bit Axe
18:12 Town Watch
18:26 Stone Mining
25:05 Bow Saw
25:20 Heavy Plow
28:11 Wheelbarrow
30:36 Gold Mining
31:19 Forging
32:54 Fletching
33:17 Padded Archer Armor
33:41 Ballistics
33:03 Treadmill Crane
33:46 Bodkin Arrow
34:16 Scale Mail Armor
35:03 Tigui
36:18 Leather Archer Armor
36:39 Iron Casting
37:12 Chain Mail Armor
37:29 Heated Shot
40:42 Imperial Age
38:34 Thumb Ring
39:32 Bloodlines
39:32 Scale Barding Armor
Connection lost

Rejoining the realm…

Still unreachable

The connection could not be restored.

Session expired

The server has moved on; the page needs a fresh start.